 Dungeon Crawl Stone Soup version 0.28.0-53-g5a82cb258f (webtiles) character file.

Game seed: 13819656912221605998

103 DocClef the Ruffian (level 4, 0/39 HPs)
             Began as a Palentonga Cinder Acolyte on June 25, 2022.
             Was a High Priest of Ignis.
             Killed by divine providence
             ... invoked by an orc priest
              (17 damage)
             ... on level 3 of the Dungeon.
             The game lasted 00:01:53 (2289 turns).

DocClef the Ruffian (Palentonga Cinder Acolyte)     Turns: 2289, Time: 00:01:54

Health: 0/39       AC:  4    Str: 19 (20) XL:     4   Next: 51%
Magic:  5/5        EV:  9    Int: 12 (14) God:    Ignis [*****.]
Gold:   70         SH:  0    Dex:  4 (5)  Spells: 5/5 levels left

rFire   + . .      SeeInvis +     - Unarmed
rCold   . . .      Faith    .   (no shield)
rNeg    . . .      Spirit   .   a - +0 robe
rPois   .          Reflect  .   (no helmet)
rElec   .          Harm     .   (no cloak)
rCorr   .          Rampage  .   (no gloves)
Will    .....                   (no barding)
Stlth   +.........              (no amulet)
HPRegen 0.13/turn               (no ring)
MPRegen 0.09/turn               (no ring)

@: mighty
A: large, rugged brown scales 3, see invisible, deformed body, roll 1, armoured
tail
a: Rolling Charge, Renounce Religion, Fiery Armour, Foxfire Swarm, Rising Flame


You were on level 3 of the Dungeon.
You worshipped Ignis.
Ignis was extremely pleased with you.
You visited 1 branch of the dungeon, and saw 3 of its levels.

You collected 70 gold pieces.

Inventory:

Armour
 a - a +0 robe (worn)
Scrolls
 b - a scroll of acquirement {unknown}
 f - a scroll of fog {unknown}
Potions
 g - a potion of curing


   Skills:
 - Level 4.0 Fighting
 + Level 4.6 Unarmed Combat
 - Level 1.0 Spellcasting
 - Level 2.4 Fire Magic


You had 5 spell levels left.
You didn't know any spells.
Your spell library contained the following spells:

 Spells                   Type           Power      Damage    Failure   Level
 Scorch                   Fire           12%        2d5       17%         2


Dungeon Overview and Level Annotations

Branches:
Dungeon (3/15)

Altars:


Innate Abilities, Weirdness & Mutations

You are completely covered in rugged brown scales. (AC +3, +7% HP)
You have supernaturally acute eyesight. (SInv)
Armour fits poorly on your strangely shaped body.
You can roll at nearby foes to attack.
You have a long armoured tail.


Message History

No target in view!
No target in view!
No target in view!
No target in view!
No target in view!
You see here a +0 dagger. 2 orc priests come into view.
The orc priest shouts! x2
The orc priest calls down the wrath of Beogh upon you.
Pain shoots through your body!
You hear a shout!
There are monsters nearby!
There are monsters nearby!
There are monsters nearby!
There are monsters nearby!
An orc comes into view. It is wielding a +0 dagger.
The orc shouts!
It was a potion of magic.
Magic courses through your body.
It was a potion of degeneration.
There was something very wrong with that liquid.
You feel weakened.
You feel dopey.
You feel clumsy.
The orc priest invokes the aid of Beogh against you.
Beogh smites you!
You hear a shout!
It was a potion of might.
You feel very mighty all of a sudden.
It was a potion of curing.
You feel better.
The orc priest hits you with a +0 war axe.
You punch the orc priest!
Your tail-slap misses the orc priest.
The orc priest is severely wounded.
The orc priest hits you but does no damage.
You closely miss the orc priest. You tail-slap the orc priest.
You kill the orc priest!
You feel your dexterity returning.
An orc priest comes into view. It is wielding a +3 flail.
The orc priest shouts!
The orc hits you with a +0 dagger.
The orc priest mumbles some strange prayers to Beogh against you.
Beogh smites you!
You die...

#. #.# #.# #.# # #.#
## #.#.# o.
##.#.###.#####
#.....@oo.....
###########.###.#.###
#....)....#.# #
#.#######...#
####...# #...##
.......####...#
..........#...#
..........#...#
#####.....#...#


You could see 2 orc priests and an orc.

Vanquished Creatures
  An orc priest (D:3)
  Jessica (D:2)
  A dart slug (D:1)
  4 ball pythons
  2 endoplasms (D:1)
  2 giant cockroaches
  5 goblins
  6 hobgoblins
  4 jackals (D:2)
  2 quokkas (D:1)
  5 bats
  2 frilled lizards
  4 kobolds
  2 rats
41 creatures vanquished.

Notes
Turn   | Place    | Note
-------+----------+-------------------------------------------
     0 | D:1      | DocClef the Palentonga Cinder Acolyte began the quest for
                  | the Orb.
     0 | D:1      | Reached XP level 1. HP: 19/19 MP: 2/2
   530 | D:1      | Reached XP level 2. HP: 18/25 MP: 3/3
  1311 | D:2      | Reached XP level 3. HP: 21/32 MP: 4/4
  1843 | D:2      | Noticed Jessica
  1875 | D:2      | Killed Jessica
  1876 | D:2      | Reached XP level 4. HP: 17/39 MP: 5/5
  2289 | D:3      | Killed from afar by an orc priest

Illustrated notes

Levels and vault maps discovered:
D:1:      dpeg_arrival_refuge, layout_basic
D:2:      layout_rooms, uniq_jessica
D:3:      layout_basic, ashenzari_altar_1, mainiacjoe_overflow_catwalk

Skill      XL: |  1  2  3 |
---------------+----------+-----
Fighting       | 4 |  4.0
Unarmed Combat | 4 |  4.6
Spellcasting   | |  1.0
Fire Magic     | |  2.4

Action                   |  1- 3 |  4- 6 || total
-------------------------+-------+-------++-------
Melee: Unarmed           |   145 |     7 ||   152
       Tailslap          |     7 |     1 ||     8
  Use: Scroll            |     3 |       ||     3
       Potion            |       |     4 ||     4
Armor: Robe              |    52 |     2 ||    54
Dodge: Dodged            |    81 |     3 ||    84
